 Dungeon Crawl Stone Soup version 0.30-a0-996-ga6910c8ee8 (webtiles) character file.

Game seed: 2597001758120573986

547644 Newt the Merry Kobold (level 26, -10/135 (157) HPs)
             Began as a Kobold Hunter on Apr 4, 2023.
             Was the Champion of Hepliaklqana.
             Mangled by a searing wretch (12 damage)
             ... in the Vestibule of Hell.
             The game lasted 01:31:29 (48570 turns).

Newt the Merry Kobold (Kobold Hunter)              Turns: 48570, Time: 01:31:30

HP:   -10/135 (157) AC: 11    Str: 15    XL:     26   Next: 87%
MP:   37/37         EV: 42    Int:  8    God:    Hepliaklqana [******]
Gold: 3953          SH:  0    Dex: 31    Spells: 41/45 levels left

rFire   + . .      SeeInvis +    V - +27 heavy crossbow "Sniper" {heavy, Acc+∞ SInv}
rCold   + . .      Faith    .    (shield currently unavailable)
rNeg    + . .      Spirit   .    z - +1 leather armour of Otwim {Regen+ Slay+3}
rPois   +          Reflect  .    G - -2 hat of the Alchemist {rElec rPois rF+ rC+ rN+ Will+ rMut rCorr}
rElec   +          Rampage  +    O - scarf of Boiling Hail {+Inv, Drain rPois Str+5}
rCorr   +                        g - +2 pair of gloves {Str+3}
rMut    +                        v - +2 pair of boots {Fly}
Will    +++++                    J - amulet "Nycier" {RegenMP Rampage rC- Will++ Stlth+}
Stlth   +++++++++                L - ring of Astuse {rElec rPois rF+ rC+ Int-5}
HPRegen 1.22/turn                K - ring of willpower
MPRegen 0.65/turn

@: fire vulnerable, flying, studying 3 skills, heavily drained
A: reduced essence, small, no large weapons, nightstalker 3, agile 1, MP-powered
wands
}: 4/15 runes: barnacled, slimy, silver, gossamer
a: Renounce Religion, Evoke Invisibility, Recall Ancestor, Ancestor Identity,
Transference, Idealise


You were in the Vestibule of Hell.
You worshipped Hepliaklqana.
Hepliaklqana was exalted by your worship.
You visited 11 branches of the dungeon, and saw 46 of its levels.
You visited 1 bazaar.
You also visited: Gauntlet and Desolation.

You collected 6181 gold pieces.
You spent 2228 gold pieces at shops.

Inventory:

Hand Weapons
 F - the +11 sling of Raithuat {antimagic, rPois rC- Dex+6}
   (You acquired it on level 10 of the Dungeon)

   Dex:       It affects your dexterity (+6).
   rC:        It makes you vulnerable to cold.
   rPois:     It protects you from poison.
 V - the +27 heavy crossbow "Sniper" (weapon) {heavy, Acc+∞ SInv}
   (You found it in a Gauntlet)

   Acc+∞: It never misses its target.
   SInv:      It lets you see invisible.
Armour
 g - a +2 pair of gloves of strength (worn)
 v - a +2 pair of boots of flying (worn)
 z - the +1 leather armour of Otwim (worn) {Regen+ Slay+3}
   (You found it in the Desolation of Salt)

   Slay:      It affects your accuracy & damage with ranged weapons and melee
   (+3).
   Regen:     It increases your rate of health regeneration.
 G - the -2 hat of the Alchemist (worn) {rElec rPois rF+ rC+ rN+ Will+ rMut rCorr}
   (You found it in the Desolation of Salt)

   rF:        It protects you from fire.
   rC:        It protects you from cold.
   rElec:     It insulates you from electricity.
   rPois:     It protects you from poison.
   rN:        It protects you from negative energy.
   rCorr:     It protects you from acid and corrosion.
   rMut:      It protects you from mutation.
   Will:      It increases your willpower.
 O - the scarf of Boiling Hail (worn) {+Inv, Drain rPois Str+5}
   (You found it on level 2 of the Lair of Beasts)

   Str:       It affects your strength (+5).
   rPois:     It protects you from poison.
   Drain:     It drains your maximum health when unequipped.
Jewellery
 s - a ring of protection from cold
 t - the ring "Guwalin" {+Blink Will- EV+5 Slay+3}
   (You found it on level 3 of the Elven Halls)

   [ring of evasion]

   EV:        It affects your evasion (+5).
   Slay:      It affects your accuracy & damage with ranged weapons and melee
   (+3).
   +Blink:    It lets you blink.
   Will:      It decreases your willpower.
 w - the ring "Elefatall" {Fly rF+ Int+6 Dex+5}
   (You found it on level 3 of the Elven Halls)

   [ring of intelligence]

   Int:       It affects your intelligence (+6).
   Dex:       It affects your dexterity (+5).
   rF:        It protects you from fire.
   Fly:       It grants you flight.
 A - the amulet of Zeac {Regen+ SInv Stlth+}
   (You took it off a yaktaur captain on level 5 of the Vaults)

   [amulet of regeneration]

   SInv:      It lets you see invisible.
   Regen:     It increases your rate of health regeneration.
   Stlth:     It makes you more stealthy.
 D - an amulet of reflection
 I - the ring "Zoromo" {rC+ rN++}
   (You took it off an imperial myrmidon in the Desolation of Salt)

   [ring of protection from cold]

   rC:        It protects you from cold.
   rN:        It greatly protects you from negative energy.
 J - the amulet "Nycier" (around neck) {RegenMP Rampage rC- Will++ Stlth+}
   (You took it off a yaktaur captain on level 5 of the Vaults)

   [amulet of magic regeneration]

   It increases your rate of magic regeneration.
   rC:        It makes you vulnerable to cold.
   Rampage:   It bestows one free step when moving towards enemies.
   Will:      It greatly increases your willpower.
   Stlth:     It makes you more stealthy.
 K - a ring of willpower (right hand)
 L - the ring of Astuse (left hand) {rElec rPois rF+ rC+ Int-5}
   (You found it on level 15 of the Dungeon)

   [ring of poison resistance]

   Int:       It affects your intelligence (-5).
   rF:        It protects you from fire.
   rC:        It protects you from cold.
   rElec:     It insulates you from electricity.
   rPois:     It protects you from poison.
 M - a ring of protection from cold
 W - an amulet of regeneration
Wands
 k - a wand of flame (38)
 l - a wand of quicksilver (22)
 y - a wand of iceblast (40)
 E - a wand of digging (13)
 N - a wand of mindburst (10)
 Q - a wand of paralysis (34)
 S - a wand of polymorph (9)
Scrolls
 b - 10 scrolls of immolation
 f - 12 scrolls of teleportation
 p - 7 scrolls of fear
 q - 4 scrolls of enchant armour
 u - 9 scrolls of magic mapping
 B - a scroll of acquirement
 P - 2 scrolls of brand weapon
 R - a scroll of blinking
 T - 4 scrolls of silence
Potions
 d - 8 potions of flight
 e - a potion of invisibility {unknown}
 h - 3 potions of heal wounds
 i - 5 potions of mutation
 j - 3 potions of haste
 m - 17 potions of curing
 n - 10 potions of lignification
 o - 15 potions of ambrosia
 r - 4 potions of cancellation
 H - 2 potions of might
 X - 10 potions of brilliance
 Y - a potion of resistance
Miscellaneous
 a - a condenser vane (inert)
 c - a phial of floods
 x - a piece from Xom's chessboard (15/15)
 C - a tin of tremorstones (1/2)
 U - a phantom mirror (inert)
 Z - a box of beasts (inert)


   Skills:
 + Level 20.5 Fighting
 O Level 27 Ranged Weapons
 - Level 15.0 Armour
 - Level 22.0 Dodging
 - Level 15.0 Stealth
 - Level 10.0 Spellcasting
 - Level 11.3 Hexes
 - Level 11.3 Earth Magic
 - Level 9.0 Invocations
 - Level 16.0 Evocations


You had 41 spell levels left.
You knew the following spells:

 Your Spells              Type           Power      Damage    Failure   Level
a - Leda's Liquefaction   Hex/Erth       11%        N/A       1%          4

Your spell library contained the following spells:

 Spells                   Type           Power      Damage    Failure   Level
 Sandblast                Erth           44%        2d11      1%          1
 Confusing Touch          Hex            22%        N/A       1%          3
 Tukima's Dance           Hex            22%        N/A       1%          3
 Ensorcelled Hibernation  Hex/Ice        26%        N/A       2%          2
 Passwall                 Tmut/Erth      10%        N/A       2%          2
 Lee's Rapid Deconstruct  Erth           11%        3d8*      4%          5
 Dazzling Flash           Conj/Hex       26%        N/A       5%          3
 Portal Projectile        Hex/Tloc       26%        N/A       5%          3
 Stone Arrow              Conj/Erth      26%        3d8       5%          3
 Summon Guardian Golem    Hex/Summ       13%        N/A       5%          3
 Anguish                  Hex/Necr       6%         N/A       17%         4
 Animate Armour           Summ/Erth      26%        N/A       17%         4
 Fulminant Prism          Conj/Hex       6%         3d7       17%         4
 Petrify                  Tmut/Erth      13%        N/A       17%         4
 Beastly Appendage        Tmut           8%         N/A       19%         1
 Foxfire                  Conj/Fire      16%        2x1d4     19%         1
 Freeze                   Ice            16%        1d4       19%         1
 Kiss of Death            Conj/Necr      16%        2d6       19%         1
 Magic Dart               Conj           16%        1d3       19%         1
 Sting                    Tmut/Pois      16%        1d3       19%         1
 Blink                    Tloc           8%         N/A       26%         2
 Call Imp                 Summ           4%         N/A       26%         2
 Cigotuvi's Dreadful Rot  Necr/Pois/Air  8%         N/A       26%         2
 Poisonous Vapours        Pois/Air       8%         N/A       26%         2
 Searing Ray              Conj           8%         2d4       26%         2
 Sublimation of Blood     Necr           4%         N/A       26%         2
 Wereblood                Tmut           4%         N/A       26%         2
 Borgnjor's Vile Clutch   Necr/Erth      6%         N/A       43%         5
 Silence                  Hex/Air        6%         N/A       43%         5
 Summon Mana Viper        Hex/Summ       13%        N/A       43%         5
 Yara's Violent Unravell  Hex/Tmut       6%         3d5       43%         5
 Call Canine Familiar     Summ           4%         N/A       47%         3
 Frozen Ramparts          Ice            8%         1d2       47%         3
 Gell's Gravitas          Tloc           4%         N/A       47%         3
 Hailstorm                Conj/Ice       4%         3d4       47%         3
 Ignite Poison            Fire/Tmut/Pois 4%         N/A       47%         3
 Kindle Blastsparks       Fire/Tloc/Air  8%         2d10      47%         3
 Mephitic Cloud           Conj/Pois/Air  4%         N/A       47%         3
 Spider Form              Tmut/Pois      4%         N/A       47%         3
 Swiftness                Air            4%         N/A       47%         3
 Teleport Other           Tloc           4%         N/A       47%         3
 Vampiric Draining        Necr           4%         2d6       47%         3
 Enfeeble                 Hex            11%        N/A       82%         7
 Dispel Undead            Necr           4%         3d7       87%         4
 Iskenderun's Mystic Bla  Conj/Tloc      4%         2d3       87%         4
 Manifold Assault         Tloc           4%         N/A       87%         4
 Olgreb's Toxic Radiance  Pois           4%         N/A       87%         4
 Passage of Golubria      Tloc           4%         N/A       87%         4
 Summon Ice Beast         Ice/Summ       4%         N/A       87%         4
 Iron Shot                Conj/Erth      6%         9d2       95%         6
 Statue Form              Tmut/Erth      8%         N/A       95%         6
 Alistair's Intoxication  Tmut/Pois      2%         N/A       99%         5
 Blade Hands              Tmut           2%         N/A       99%         5
 Fireball                 Conj/Fire      2%         3d4       99%         5
 Freezing Cloud           Conj/Ice/Air   2%         6-21      99%         5
 Irradiate                Conj/Tmut      2%         3d12      99%         5
 Iskenderun's Battlesphe  Conj           4%         2d6       99%         5
 Summon Forest            Summ/Tloc      2%         N/A       99%         5
 Conjure Ball Lightning   Conj/Air       2%         3x3d6     100%        6
 Dispersal                Tloc           2%         N/A       100%        6
 Eringya's Noxious Bog    Tmut/Pois      2%         N/A       100%        6
 Plasma Beam              Fire/Air       2%         2x1d13    100%        6
 Simulacrum               Ice/Necr       2%         N/A       100%        6
 Starburst                Conj/Fire      2%         6d3       100%        6
 Monstrous Menagerie      Summ           2%         N/A       100%        7
 Orb of Destruction       Conj           2%         9d5       100%        7
 Spellforged Servitor     Conj/Summ      2%         N/A       100%        7
 Storm Form               Tmut/Air       2%         N/A       100%        7
 Summon Hydra             Summ           2%         N/A       100%        7
 Lehudib's Crystal Spear  Conj/Erth      6%         10d3      100%        8
 Necromutation            Tmut/Necr      2%         N/A       100%        8
 Fire Storm               Conj/Fire      2%         8d1       100%        9
 Polar Vortex             Ice            2%         N/A       100%        9


Dungeon Overview and Level Annotations

Branches:
Dungeon (15/15)            Temple (1/1) D:4            Lair (5/5) D:8
 Shoals (4/4) Lair:3       Spider (4/4) Lair:2        Slime (5/5) Lair:4
    Orc (2/2) D:12            Elf (3/3) Orc:2        Vaults (5/5) D:14
  Crypt (0/3) Vaults:2     Depths (0/4) D:15           Hell (1/1)
    Dis (0/7) Hell            Geh (1/7) Hell            Coc (0/7) Hell
    Tar (0/7) Hell        Desolation (visited)      Gauntlet (visited)

Altars:
Ashenzari
Cheibriados
Dithmenos
Elyvilon
Fedhas
Gozag
Hepliaklqana
Kikubaaqudgha
Makhleb
Nemelex Xobeh
Okawaru
Qazlal
Ru
Sif Muna
Trog
Uskayaw
Vehumet
Wu Jian
Xom
Yredelemnul
Zin
The Shining One
Jiyva

Shops:
D:1 *   D:4 ?   D:8 *   D:13 ?[[   Orc:2 =([=[   Elf:2 [   Elf:3 =   Shoals:1 *
Vaults:3 ?   Vaults:4 *!:=*   Vaults:5 [

Portals:
Hell: Lair:5
Trove: D:10 (give 2 scrolls of acquirement)


Innate Abilities, Weirdness & Mutations

Your life essence is reduced to manifest your ancestor. (-10% HP)
You are small and have problems with some larger weapons.
You are completely attuned to the shadows.
You are agile. (Dex +4, Str/Int -1)
You expend magic power (3 MP) to strengthen your wands.


Message History

The searing wretch completely resists.
The fireball engulfs the hell hog.
The hell hog completely resists.
The hell hog breathes fire at you.
The fireball explodes!
The fireball engulfs you! You resist.
The fireball engulfs Londisizwe!!
Londisizwe resists.
The fireball engulfs the searing wretch.
The searing wretch completely resists.
The fireball engulfs the hell hog.
The hell hog completely resists.
The searing wretch completely misses you.
The searing wretch claws you!!
The searing wretch completely misses you.
Londisizwe closely misses the hellephant.
Londisizwe hits the searing wretch with a +0 broad axe of speed!
You fly up through the gate.
Welcome back to the Vestibule of Hell!
There is a gateway to the ashen valley of Gehenna here.
Unknown command.
Unknown command.
Unknown command.
Unknown command.
You shoot a bolt. The bolt hits the searing wretch!!
The searing wretch is heavily damaged.
The hell hog completely misses you. The searing wretch claws you!!
You are engulfed in flames!
You resist.
* * * LOW HITPOINT WARNING * * *
The searing wretch claws you!!
* * * LOW HITPOINT WARNING * * *
The searing wretch misses you. The hell hog completely misses you.
Londisizwe barely misses the searing wretch.
The searing wretch completely misses you. x2
The searing wretch bites you.
* * * LOW HITPOINT WARNING * * *
The hell hog completely misses you.
Unknown command.
You feel much better.
Londisizwe hits the searing wretch with a +0 broad axe of speed!
The hell hog completely misses you. The searing wretch claws you!!
* * * LOW HITPOINT WARNING * * *
You are engulfed in flames!
You resist.
You die...

#.≈≈#≈≈§≈§§≈§..## #
#..≈≈≈§§§.§.§≈..####
#......§§.)..≈......
#......≈.....≈......
#......≈≈..)§≈......
#..§§#..≈...≈§..####
#..#.≈≈.§§.§≈..## #
#.≈h....§§≈≈..## #
#.≈@n.##.§...## #
#...R..§....##
#≈≈....≈...##
#.#§..##..##
#§§#.≈#..##
#..≈≈#..## #......##
#.....## # #....##
##


You could see the friendly Londisizwe the knight (reflecting), a searing wretch
(ally target) and a hell hog.

Vanquished Creatures
  the Royal Jelly (Slime:5)
  A dread lich (Vaults:5)
  An ancient lich (Vaults:5)
  Mara (Vaults:4)
  Mennas (Vaults:4)
  Sojobo (Vaults:5)
  Frederick (Vaults:2)
  A golden dragon (Vaults:5)
  Geryon (Hell)
  4 tentacled monstrosities (Vaults:5)
  Jorgrun (Spider:1)
  A lich (Vaults:2)
  A deep elf master archer (Elf:3)
  The ghost of Mofoompusch the Warrior, an adept NaCA of Ignis (Shoals:2)
  A deep elf blademaster (Elf:2)
  Polyphemus (Shoals:4)
  5 titans (Vaults:5)
  5 ancient champions (Hell)
  22 acid blobs
  7 sphinxes
  5 tengu reavers
  6 shadow dragons
  A storm dragon (Vaults:5)
  The ghost of Daifof the Impaler, an adept MfFi of Hepliaklqana (Spider:3)
  Kirke (Lair:5)
  3 frost giants
  14 azure jellies
  An iron dragon (Vaults:4)
  3 imperial myrmidons (Desolation)
  A fire giant (Vaults:5)
  15 rockslimes
  The ghost of Goxo the Warrior, an adept OpCj of Hepliaklqana (Spider:3)
  17 deep elf sorcerers
  12 vault wardens
  4 emperor scorpions (Spider:4)
  6 ghost moths
  4 deep elf elementalists (Elf:3)
  A broodmother (Spider:4)
  13 quicksilver oozes
  5 stone giants (Vaults:5)
  5 reapers (Hell)
  13 ironbound preservers
  20 very ugly things
  9 ironbound thunderhulks
  4 war gargoyles
  22 dire elephants
  3 vampire knights (Hell)
  5 deep elf demonologists
  Azrael (Elf:2)
  4 minotaurs
  9 deep elf annihilators
  3 halazid warlocks (Desolation)
  Snorg (D:10)
  2 deep elf death magi
  2 iron golems (Hell)
  7 merfolk javelineers
  6 ettins
  Josephine (D:10)
  7 great orbs of eyes
  12 merfolk impalers
  7 deep elf high priests
  A crystal guardian (Desolation)
  12 yaktaur captains
  A rakshasa (D:14)
  7 peacekeepers
  A hell beast (Hell)
  An ogre mage (D:14)
  4 radroaches
  5 ragged hierophants (Desolation)
  4 servants of whispers (Desolation)
  23 vault guards
  A hydra (Lair:4)
  The ghost of relicbr the Covert, a journeyman SpDe of Dithmenos (Lair:3)
  4 merfolk avatars
  2 catoblepae
  4 jorogumos
  2 death knights (D:14)
  9 centaur warriors
  9 satyrs
  8 boulder beetles
  29 dancing weapons
  2 merfolk aquamancers
  7 two-headed ogres
  5 ironbound frosthearts
  24 death yaks
  Urug (Lair:5)
  A hell hog (Hell)
  An orc high priest (Elf:1)
  4 soul eaters
  A deep troll earth mage (Vaults:5)
  2 vampire magi
  22 deep elf knights
  4 hell knights (Vaults:4)
  3 skeletal warriors
  2 pharaoh ants
  An iron troll (Hell)
  3 shadow wraiths
  9 sun demons
  Amaemon (Lair:2)
  2 anaconda zombies (Hell)
  A death drake (shapeshifter) (Vaults:3)
  14 orb spiders
  2 large abominations (Gauntlet)
  6 skysharks
  4 sea snakes
  36 deep trolls
  3 wizards
  A sphinx zombie (D:15)
  23 ironbound convokers
  7 lindwurms
  6 phantasmal warriors
  6 steelbarb worms
  11 deep elf archers
  2 orc knights
  4 necromancers
  30 harpies
  21 deep elf pyromancers
  35 deep elf zephyrmancers
  A frost giant zombie (D:15)
  29 ugly things
  An orc sorcerer (Orc:1)
  14 wolf spiders
  30 fauns
  3 shining eyes (Slime:5)
  17 manticores
  8 cyclopes
  10 vault sentinels
  6 elephants
  3 moths of wrath
  3 black mambas
  8 merfolk sirens
  4 guardian serpents (Desolation)
  2 molten gargoyles (Hell)
  2 orange demons
  4 water nymphs
  2 rust devils (Hell)
  A cane toad (shapeshifter) (Elf:1)
  8 torpor snails
  3 eyes of devastation
  12 smoke demons
  9 cane toads
  10 demonic crawlers
  A sea snake zombie (Hell)
  2 efreet (D:15)
  3 hellions (Hell)
  3 rime drakes
  12 ice devils
  An unseen horror (D:10)
  25 yaktaurs
  A guardian mummy (D:15)
  4 trolls
  5 komodo dragons
  4 freezing wraiths (D:14)
  3 hydra zombies (Hell)
  A polar bear (Lair:1)
  A meliai (Spider:4)
  A troll (shapeshifter) (Vaults:5)
  A hellwing (Lair:5)
  8 wind drakes
  35 merfolk
  A red devil (Lair:5)
  A queen bee (Lair:2)
  A wind drake (shapeshifter) (D:13)
  4 tyrant leeches (Spider:4)
  17 blink frogs
  A wolf spider simulacrum (D:15)
  2 alligator zombies (Hell)
  A hydra skeleton (Hell)
  27 tarantellas
  A hornet (D:11)
  42 saltlings (Desolation)
  10 dream sheep
  69 slime creatures
  22 jumping spiders
  An ettin skeleton (D:15)
  14 snapping turtles
  4 spriggans (Lair:3)
  A centaur simulacrum (D:15)
  20 culicivoras
  5 air elementals
  2 shadows (D:9)
  8 wraiths
  7 wyverns
  18 water elementals
  34 yaks
  2 hogs (Lair:5)
  A sea snake simulacrum (Hell)
  2 basilisks
  6 fire elementals
  4 vampires
  A golden eye (Slime:5)
  40 redbacks
  4 vampire mosquitoes (D:14)
  3 wargs (Orc:1)
  2 acid dragons
  2 floating eyes (Gauntlet)
  16 water moccasins
  6 hell hounds
  2 sky beasts (D:6)
  An ice beast (D:7)
  6 black bears
  33 orc warriors
  A boggart (D:14)
  5 ogres
  4 wolves
  3 small abominations (Gauntlet)
  10 centaurs
  2 phantoms
  3 kobold brigands (D:14)
  6 earth elementals
  13 bullfrogs
  3 scorpions
  3 gnoll sergeants
  3 wights (D:9)
  28 killer bees
  A howler monkey (D:9)
  A crimson imp (D:10)
  A spectral centaur (D:6)
  6 jellies
  16 orc priests
  3 gnoll boudas
  5 hounds
  Jessica (D:3)
  4 iguanas
  10 orc wizards
  Robin (D:2)
  27 gnolls
  5 adders
  A shadow imp (D:7)
  2 worms
  3 dart slugs
  57 orcs
  6 bats
  8 endoplasms
  A giant cockroach (D:2)
  17 goblins
  7 hobgoblins
  2 jackals (D:1)
  A quokka (D:1)
  4 ball pythons
  4 frilled lizards
  7 kobolds
  5 rats
1785 creatures vanquished.

Vanquished Creatures (collateral kills)
  A dread lich (Vaults:5)
  Margery (Vaults:4)
  2 tentacled monstrosities (Vaults:5)
  A deep elf blademaster (Elf:3)
  2 titans (Vaults:5)
  4 acid blobs (Slime:5)
  A kraken (Shoals:1)
  A storm dragon (Vaults:5)
  2 azure jellies
  A shadow dragon (Vaults:5)
  4 rockslimes (Slime:5)
  A frost giant (Vaults:5)
  An imperial myrmidon (Desolation)
  3 vault wardens
  An orc warlord (Orc:1)
  A ghost moth (Spider:4)
  2 deep elf elementalists (Elf:3)
  4 very ugly things (Vaults:1)
  4 ironbound preservers
  2 ironbound thunderhulks
  A deep elf demonologist (Elf:3)
  2 merfolk impalers
  An ettin (Vaults:5)
  A merfolk javelineer (Shoals:1)
  A deep elf high priest (Elf:2)
  2 great orbs of eyes
  A kraken zombie (Hell)
  A yaktaur captain (Vaults:3)
  A radroach (Spider:4)
  7 vault guards
  2 hydras (Lair:5)
  2 centaur warriors (Vaults:2)
  2 boulder beetles
  2 death yaks (Lair:3)
  An ironbound frostheart (Vaults:2)
  A sun demon (Hell)
  Nergalle (Lair:1)
  A hell knight (Vaults:4)
  5 deep trolls
  A glowing orange brain (Slime:5)
  2 orb spiders
  2 ironbound convokers (Vaults:1)
  A lindwurm (Vaults:2)
  The ghost of Kes the Cleaver, a novice MiFi (D:6)
  A wizard (Vaults:1)
  5 harpies
  3 deep elf pyromancers
  A fire giant zombie (D:15)
  3 wolf spiders
  A faun (Shoals:3)
  A moth of wrath (Spider:4)
  4 ugly things
  A cyclops (Shoals:4)
  A manticore (Shoals:4)
  32 slime creatures
  3 vault sentinels
  An elephant (Lair:5)
  A black mamba (Lair:2)
  2 guardian serpents (Desolation)
  9 cane toads
  A molten gargoyle (Hell)
  2 smoke demons (Hell)
  A hellion (Hell)
  11 yaktaurs
  2 komodo dragons
  An ice devil (Hell)
  A troll (Orc:2)
  3 merfolk
  8 saltlings (Desolation)
  4 tarantellas
  3 blink frogs
  5 dream sheep
  2 jumping spiders
  A culicivora (Spider:1)
  A water elemental (Elf:3)
  A golden eye (shapeshifter) (Elf:2)
  A basilisk (Lair:1)
  9 yaks
  4 redbacks
  A hell hound (Lair:5)
  A hydra simulacrum (Hell)
  2 water moccasins
  An ice beast (D:7)
  2 sky beasts
  2 black bears
  6 orc warriors
  2 ogres
  A wolf (Lair:2)
  A bullfrog (Lair:1)
  A gnoll sergeant (D:11)
  A small abomination (Gauntlet)
  3 wights (D:6)
  6 killer bees
  A centaur skeleton (D:6)
  3 orc priests
  3 orc wizards
  A howler monkey zombie (D:6)
  8 gnolls
  30 orcs
  4 pillars of salt (Vaults:2)
  A tentacle (Hell)
292 creatures vanquished.

Vanquished Creatures (others)
  A vault warden (Vaults:5)
  A stone giant (Vaults:5)
  2 yaktaur captains
  2 vault guards (Vaults:5)
  An ironbound convoker (Vaults:5)
  A deep elf zephyrmancer (Elf:3)
  A harpy (Shoals:4)
  A faun (Shoals:4)
  A vault sentinel (Vaults:5)
  A water nymph (Shoals:4)
  A molten gargoyle (Hell)
  3 yaktaurs
  A culicivora (Spider:2)
  A water elemental (D:15)
  2 humans (Lair:5)
  A redback (Spider:4)
  An electric eel (D:15)
  22 knights
  3 ancestors
  66 fungi
  97 plants
  8 tentacles
  5 withered plants
223 creatures vanquished.

Grand Total: 2300 creatures vanquished

Notes
Turn   | Place    | Note
-------+----------+-------------------------------------------
     0 | D:1      | Newt the Kobold Hunter began the quest for the Orb.
     0 | D:1      | Reached XP level 1. HP: 12/12 MP: 1/1
   135 | D:1      | Reached XP level 2. HP: 18/18 MP: 2/2
   427 | D:1      | Reached XP level 3. HP: 23/23 MP: 3/3
   495 | D:1      | Found Wuaklut's General Store.
   498 | D:1      | Bought a scroll of identify for 24 gold pieces
   708 | D:1      | Found a faded altar of an unknown god.
   964 | D:2      | Reached XP level 4. HP: 16/30 MP: 4/4
  1189 | D:2      | Noticed Robin
  1198 | D:2      | Reached skill level 5 in Fighting
  1199 | D:2      | Killed Robin
  1210 | D:2      | Reached XP level 5. HP: 11/35 MP: 5/5
  1839 | D:3      | Noticed Jessica
  1842 | D:3      | Killed Jessica
  1843 | D:3      | Reached skill level 6 in Ranged Weapons
  2045 | D:3      | Reached skill level 7 in Ranged Weapons
  2053 | D:3      | Reached XP level 6. HP: 25/40 MP: 6/6
  2878 | D:4      | Found a sparkling altar of Nemelex Xobeh.
  2882 | D:4      | Reached skill level 8 in Ranged Weapons
  2884 | D:4      | Found a broken altar of Ashenzari.
  2885 | D:4      | Found an ornate altar of the Wu Jian Council.
  2886 | D:4      | Found an iron altar of Okawaru.
  2996 | D:4      | Found Rexkimiho's Magic Scroll Shop.
  3000 | D:4      | Bought a scroll of identify for 26 gold pieces
  3020 | D:4      | Found a snail-covered altar of Cheibriados.
  3241 | D:4      | Noticed a black bear
  3245 | D:4      | Killed a black bear
  3246 | D:4      | Reached skill level 9 in Ranged Weapons
  3246 | D:4      | Reached XP level 7. HP: 44/44 MP: 7/7
  3280 | D:4      | Found a staircase to the Ecumenical Temple.
  3290 | Temple   | Entered the Ecumenical Temple
  3453 | Temple   | Became a worshipper of Hepliaklqana the Forgotten
  3805 | D:5      | Entered Level 5 of the Dungeon
  4054 | D:5      | Reached skill level 10 in Ranged Weapons
  4417 | D:5      | Reached * piety under Hepliaklqana
  4512 | D:5      | Reached XP level 8. HP: 18/44 MP: 8/8
  4772 | D:5      | Reached skill level 5 in Dodging
  5477 | D:6      | Noticed a two-headed ogre
  5492 | D:6      | Killed a two-headed ogre
  5493 | D:6      | Reached XP level 9. HP: 27/53 MP: 9/9
  5608 | D:6      | Reached skill level 11 in Ranged Weapons
  5844 | D:6      | Reached skill level 12 in Ranged Weapons
  5982 | D:6      | Reached ** piety under Hepliaklqana
  5983 | D:6      | Remembered your ancestor Londisizwe as a knight
  6023 | D:6      | Found a shimmering blue altar of Sif Muna.
  6223 | D:6      | Reached skill level 13 in Ranged Weapons
  6323 | D:6      | Found a runed translucent gate.
  6324 | D:6      | Found a runed translucent gate.
  6325 | D:6      | Found a runed translucent gate.
  6682 | D:6      | Noticed Kes's ghost (novice MiFi)
  6746 | D:6      | Killed Kes's ghost
  6747 | D:6      | Reached skill level 14 in Ranged Weapons
  6747 | D:6      | Reached XP level 10. HP: 43/57 MP: 9/12
  6943 | D:7      | Reached skill level 5 in Invocations
  7276 | D:7      | Reached *** piety under Hepliaklqana
  7474 | D:7      | Reached skill level 1 in Armour
  7502 | D:7      | Found an ancient bone altar of Kikubaaqudgha.
  7512 | D:7      | Found a white marble altar of Elyvilon.
  7570 | D:8      | Found Cunairch's Assorted Antiques.
  7573 | D:8      | Bought a dark potion for 21 gold pieces
  7573 | D:8      | Bought a scroll of identify for 48 gold pieces
  7573 | D:8      | Bought a lead wand for 96 gold pieces
  7713 | D:8      | Found a transporter.
  8243 | D:8      | Found a hide-covered altar of Uskayaw.
  8415 | D:8      | Found a staircase to the Lair.
  8504 | D:8      | Found a stormy altar of Qazlal.
  8600 | D:8      | Reached skill level 5 in Armour
  8679 | D:8      | Reached XP level 11. HP: 61/61 MP: 15/15
  8867 | D:8      | Found a transporter.
  9077 | D:9      | Identified a scroll of acquirement
  9077 | D:9      | Acquired the +2 helmet of Distant Worlds {Dex+5}
  9189 | D:9      | Reached skill level 15 in Ranged Weapons
  9270 | D:9      | Found a glowing golden altar of the Shining One.
  9346 | D:9      | Reached **** piety under Hepliaklqana
  9435 | D:9      | Identified the +4 short sword "Soigown" {protect, rElec
                  | rPois}
  9660 | D:9      | Reached skill level 16 in Ranged Weapons
  9668 | D:9      | Reached skill level 1 in Evocations
  9924 | D:9      | Found a bloodstained altar of Trog.
  9983 | D:10     | Entered Level 10 of the Dungeon
 10050 | D:10     | Reached skill level 5 in Evocations
 10213 | D:10     | Found a portal to a secret trove of treasure.
 10374 | D:10     | Acquired the +11 sling of Raithuat {antimagic, rPois rC-
                  | Dex+6}
 10472 | D:10     | Noticed Josephine
 10478 | D:10     | Killed Josephine
 10524 | D:10     | Noticed Snorg
 10532 | D:10     | Killed Snorg
 10542 | D:10     | Found a shimmering altar of Xom.
 10544 | D:10     | Reached XP level 12. HP: 65/65 MP: 6/19
 10544 | D:10     | Found a burning altar of Makhleb.
 10848 | Lair:1   | Entered Level 1 of the Lair of Beasts
 10870 | Lair:1   | Reached skill level 5 in Spellcasting
 11081 | Lair:1   | You are sucked into a shaft and drop 1 floor!
 11113 | Lair:2   | Reached ***** piety under Hepliaklqana
 11119 | Lair:2   | Got the Lessons on the Sizzling Mausoleum
 11145 | Lair:2   | Reached skill level 5 in Stealth
 11151 | Lair:2   | Identified the scarf of Boiling Hail {+Inv, Drain rPois
                  | Str+5}
 11369 | Lair:2   | Reached skill level 10 in Fighting
 11543 | Lair:2   | Noticed Amaemon
 11556 | Lair:2   | Killed Amaemon
 11888 | Lair:2   | Found a hole to the Spider Nest.
 12005 | Lair:2   | Reached XP level 13. HP: 76/76 MP: 7/22
 12120 | Lair:3   | Found a large runed translucent door.
 12120 | Lair:3   | Found a large runed translucent door.
 12239 | Lair:3   | Reached skill level 10 in Evocations
 12624 | Lair:3   | Found a staircase to the Shoals.
 12882 | Lair:3   | Noticed relicbr's ghost (journeyman SpDe)
 13192 | Lair:3   | Killed relicbr's ghost
 13384 | Lair:4   | Found a staircase to the Slime Pits.
 14183 | Lair:5   | Entered Level 5 of the Lair of Beasts
 14202 | Lair:5   | Noticed a five-headed hydra
 14226 | Lair:4   | Reached XP level 14. HP: 63/82 MP: 7/23
 14281 | Lair:4   | Reached skill level 10 in Dodging
 14489 | Lair:5   | Noticed Kirke
 14501 | Lair:5   | Killed Kirke
 14571 | Lair:5   | Reached ****** piety under Hepliaklqana
 14909 | Lair:5   | Noticed a dire elephant
 15040 | Lair:5   | Noticed Urug
 15050 | Lair:5   | Killed Urug
 15215 | Lair:5   | Reached skill level 17 in Ranged Weapons
 15256 | Lair:5   | Killed a dire elephant
 15733 | Lair:5   | Found a burning altar of Makhleb.
 15738 | Lair:5   | Reached skill level 18 in Ranged Weapons
 15822 | Lair:5   | Found a gateway to Hell.
 16246 | Lair:5   | Reached skill level 19 in Ranged Weapons
 16246 | Lair:5   | Reached XP level 15. HP: 80/86 MP: 8/24
 16989 | Lair:1   | Reached skill level 20 in Ranged Weapons
 17018 | Lair:1   | Noticed Nergalle
 17028 | Lair:1   | Killed Nergalle
 17566 | D:11     | Found a gate leading to a gauntlet.
 17578 | Gauntlet | Entered a Gauntlet
 17578 | Gauntlet | Found a transporter.
 17578 | Gauntlet | Found a transporter.
 17588 | Gauntlet | Found the +27 heavy crossbow "Sniper" {heavy, Acc+∞ SInv}
 17595 | Gauntlet | Found a transporter.
 17603 | Gauntlet | Found a transporter.
 17625 | Gauntlet | Found a transporter.
 17635 | Gauntlet | Found a transporter.
 17723 | Gauntlet | Found a transporter.
 17731 | Gauntlet | Found a transporter.
 17736 | Gauntlet | Found a large runed translucent door.
 17736 | Gauntlet | Found a large runed translucent door.
 17737 | Gauntlet | Found a large runed translucent door.
 17737 | Gauntlet | Found a large runed translucent door.
 17741 | Gauntlet | Found a large runed translucent door.
 17741 | Gauntlet | Found a large runed translucent door.
 17742 | Gauntlet | Found a large runed translucent door.
 17743 | Gauntlet | Found a large runed translucent door.
 17744 | Gauntlet | Found a large runed translucent door.
 17744 | Gauntlet | Found a large runed translucent door.
 17753 | Gauntlet | Found a runed translucent gate.
 17754 | Gauntlet | Found a transporter.
 17764 | Gauntlet | Found a transporter.
 17794 | Gauntlet | Found a runed translucent gate.
 17794 | Gauntlet | Found a runed translucent gate.
 17808 | Gauntlet | Found a runed translucent door.
 17851 | Gauntlet | Found a transporter.
 17875 | Gauntlet | Found a transporter.
 17884 | Gauntlet | Found a transporter.
 17884 | Gauntlet | Found a transporter.
 17913 | Gauntlet | Found a transporter.
 17933 | Gauntlet | Found a transporter.
 18293 | Gauntlet | Identified the ring "Edeih" {Fire *Corrode rPois Str+3}
 18391 | Gauntlet | Got the Compilation of Vicissitude
 18393 | Gauntlet | Identified the +2 ring mail "Zutuo" {rC- MP+9 Int+8}
 18393 | Gauntlet | Identified the +3 trident "Ofreck" {flame, *Corrode Drain
                  | rElec rN+++}
 19396 | D:12     | Found a staircase to the Orcish Mines.
 19408 | Orc:1    | Entered Level 1 of the Orcish Mines
 19664 | Orc:2    | Entered Level 2 of the Orcish Mines
 19730 | Orc:2    | Found Qaass's Antique Armour Shop.
 19730 | Orc:2    | Found Wasajiat's Jewellery Shoppe.
 19730 | Orc:2    | Found Maaceab's Armour Emporium.
 19731 | Orc:2    | Found Leimmy Featt's Weapon Boutique.
 19735 | Orc:2    | Bought an amethyst-encrusted leather armour for 231 gold
                  | pieces
 19735 | Orc:2    | Identified the +2 leather armour "Odiph" {Stlth+} (You
                  | bought it in a shop on level 2 of the Orcish Mines)
 19935 | Orc:2    | Found a staircase to the Elven Halls.
 20253 | Orc:2    | Reached skill level 21 in Ranged Weapons
 20273 | Orc:2    | Found Veopseca's Jewellery Emporium.
 20279 | Orc:2    | Bought a ring of willpower for 375 gold pieces
 20384 | Orc:1    | Noticed an orc warlord
 20388 | Orc:1    | Killed an orc warlord
 20692 | Spider:1 | Entered Level 1 of the Spider Nest
 20713 | Spider:1 | Reached XP level 16. HP: 90/90 MP: 25/25
 21084 | Spider:1 | Noticed Jorgrun
 21087 | Spider:1 | Killed Jorgrun
 21088 | Spider:1 | Reached skill level 22 in Ranged Weapons
 21539 | Spider:2 | Reached skill level 23 in Ranged Weapons
 22276 | Spider:3 | Identified the +0 leather armour "Jattecom" {Contam rN+++
                  | Dex-5 Stlth+}
 22308 | Spider:3 | Reached skill level 24 in Ranged Weapons
 22784 | Spider:3 | Reached XP level 17. HP: 54/91 MP: 26/26
 22939 | Spider:3 | Found a runed translucent gate.
 22940 | Spider:3 | Found a runed translucent gate.
 22941 | Spider:3 | Found a runed translucent gate.
 23475 | Spider:3 | Noticed Goxo's ghost (adept OpCj)
 23475 | Spider:3 | Noticed Daifof's ghost (adept MfFi)
 23479 | Spider:3 | Killed Goxo's ghost
 23480 | Spider:3 | Reached skill level 25 in Ranged Weapons
 23481 | Spider:3 | Killed Daifof's ghost
 23509 | Spider:4 | Entered Level 4 of the Spider Nest
 23851 | Spider:4 | Reached skill level 26 in Ranged Weapons
 24056 | Spider:4 | HP: 2/95 [disintegration (48)]
 24095 | Spider:4 | Reached skill level 27 in Ranged Weapons
 24461 | Spider:4 | Got a gossamer rune of Zot
 24905 | Shoals:1 | Entered Level 1 of the Shoals
 24908 | Shoals:1 | Gained mutation: You expend magic power (3 MP) to
                  | strengthen your wands. [potion of mutation]
 24908 | Shoals:1 | Gained mutation: You are agile. (Dex +4, Str/Int -1)
                  | [potion of mutation]
 24916 | Shoals:1 | Reached XP level 18. HP: 100/100 MP: 27/27
 25271 | Shoals:1 | Reached skill level 15 in Dodging
 25309 | Shoals:1 | Noticed a kraken
 25314 | Shoals:1 | Killed a kraken
 25511 | Shoals:1 | Found Otau's Assorted Antiques.
 26638 | Shoals:2 | Found a runed translucent gate.
 26639 | Shoals:2 | Found a runed translucent gate.
 26639 | Shoals:2 | Noticed Mofoompusch's ghost (adept NaCA)
 26640 | Shoals:2 | Found a runed translucent gate.
 27224 | Shoals:2 | Killed Mofoompusch's ghost
 27231 | Shoals:2 | Identified the +0 robe "Byesid" {Dex+4 Slay+4}
 27259 | Shoals:3 | Found a flickering gateway to a bazaar.
 27320 | Bazaar   | Entered a bazaar
 27350 | Bazaar   | Found Zuwungob's Book Shop.
 27367 | Bazaar   | Found Nirrergh's Book Shop.
 27564 | Shoals:3 | Reached XP level 19. HP: 104/104 MP: 28/28
 28020 | Shoals:3 | Reached skill level 10 in Armour
 28405 | Shoals:4 | Entered Level 4 of the Shoals
 28407 | Shoals:4 | Noticed Polyphemus
 28635 | Shoals:4 | Killed Polyphemus
 29097 | Shoals:4 | Reached skill level 15 in Fighting
 29160 | Shoals:4 | Identified the +4 short sword "Astretam" {vamp, rF+ Will+
                  | SInv}
 29442 | Shoals:4 | Identified the staff of air "Wiyrr" {rElec Int+4 Dex+3}
 29445 | Shoals:4 | Got a barnacled rune of Zot
 29990 | Elf:1    | Entered Level 1 of the Elven Halls
 30048 | Elf:1    | Reached XP level 20. HP: 116/116 MP: 29/29
 30891 | Elf:2    | Reached skill level 10 in Stealth
 31027 | Elf:2    | Noticed Azrael
 31030 | Elf:2    | Killed Azrael
 31056 | Elf:2    | Found a runed translucent gate.
 31056 | Elf:2    | Found a runed translucent gate.
 31057 | Elf:2    | Found a runed translucent gate.
 31069 | Elf:2    | Found Qyiguh's Armour Shoppe.
 31656 | Elf:3    | Entered Level 3 of the Elven Halls
 31676 | Elf:3    | Paralysed by an air elemental for 1 turns
 31748 | Elf:3    | Got Cerebov's Spellbook of the Salamander
 31767 | Elf:3    | Reached XP level 21. HP: 123/123 MP: 30/30
 31979 | Elf:3    | Found Xefip's Jewellery Shoppe.
 32164 | Elf:3    | Noticed a Tzitzimitl
 32467 | Elf:3    | Identified the +8 flail "Ridd" {spect, Int+4}
 32469 | Elf:3    | Identified the staff of air "Xiredghek" {rElec rF+ Int-3
                  | Dex+4 Stlth+}
 32482 | Elf:3    | Identified the +10 demon whip of the End of Times {pain,
                  | *Noise Dex+4}
 32484 | Elf:3    | Identified the ring "Piyl" {rF+ Int+2}
 32509 | Elf:3    | Identified the +1 morningstar of Enouzua {holy, *Rage
                  | +Blink rC++ MP+9}
 32614 | Elf:3    | Identified the ring "Elefatall" {Fly rF+ Int+6 Dex+5}
 32627 | Elf:3    | Got the Elucidation of the Valley
 32636 | Elf:3    | Identified the ring "Guwalin" {+Blink Will- EV+5 Slay+3}
 32700 | Elf:3    | Identified the +0 flail "X" {freeze, rF+ Dex+2}
 32966 | Elf:3    | Reached skill level 15 in Evocations
 33551 | D:13     | Found Renaoz's Antique Armour Emporium.
 33557 | D:13     | Bought a runed cloak for 247 gold pieces
 33796 | D:13     | Found Lase's Antique Armour Emporium.
 33820 | D:13     | Found Epsyadgh's Magic Scroll Shoppe.
 34662 | D:14     | Found a bloodstained altar of Trog.
 35005 | D:14     | Found a gate to the Vaults.
 35214 | D:15     | Entered Level 15 of the Dungeon
 35346 | D:15     | Found a staircase to the Depths.
 35354 | D:15     | Reached XP level 22. HP: 123/133 MP: 31/31
 35532 | D:15     | Got Mitily's Catalogue of the Unlucky Tincture
 35533 | D:15     | Identified the ring of Astuse {rElec rPois rF+ rC+ Int-5}
 35535 | D:15     | Identified the staff of death "Xapraaji" {rC++ rN+ Will+++}
 35539 | D:15     | Identified the +9 dagger of the Peculiar Towns {drain,
                  | rElec rF++ MP-9 Stlth+}
 36080 | Hell     | Entered the Vestibule of Hell
 36080 | Hell     | Noticed Geryon
 36083 | Hell     | Killed Geryon
 36249 | Hell     | Found a gateway to the decaying netherworld of Tartarus.
 36395 | Hell     | Found a gateway to the ashen valley of Gehenna.
 36472 | Hell     | Found a gateway to the Iron City of Dis.
 36712 | Hell     | Found a gateway to the freezing wastes of Cocytus.
 37079 | Vaults:1 | Entered Level 1 of the Vaults
 37289 | Vaults:1 | Reached XP level 23. HP: 140/140 MP: 32/32
 37774 | Vaults:1 | Identified the +1 ring mail "Naujix" {rF+ Regen+}
 38535 | Vaults:2 | Found a crumbling gateway.
 38547 | Desolati | Entered the Desolation of Salt
 38580 | Desolati | Reached skill level 15 in Armour
 38764 | Desolati | Identified the +1 leather armour of Otwim {Regen+ Slay+3}
 38765 | Desolati | Identified the +5 scale mail of the Sandy God {rN+}
 38866 | Desolati | Found the -2 hat of the Alchemist {rElec rPois rF+ rC+ rN+
                  | Will+ rMut rCorr}
 38872 | Desolati | Identified the +4 sling of Valiance {antimagic, rC+ rCorr}
 38875 | Desolati | Got the Octavo of Blasphemous Deeds and the Wayfarer
 38906 | Desolati | Identified the ring "Zoromo" {rC+ rN++}
 38971 | Desolati | Reached skill level 15 in Stealth
 39046 | Desolati | Got the Book of Doom
 39053 | Desolati | Identified the ring "Noirel" {rCorr MP+9 Str-2 Int+4
                  | Stlth+}
 39058 | Desolati | Identified the staff of cold "Dagid" {rC+ rN+ Str+5}
 39265 | Vaults:2 | Reached XP level 24. HP: 146/146 MP: 32/32
 40010 | Vaults:2 | Noticed Frederick
 40013 | Vaults:2 | Killed Frederick
 40066 | Vaults:2 | Found a staircase to the Crypt.
 41385 | Vaults:3 | Identified the +0 robe of Antique Happiness {Int+4}
 41594 | Vaults:3 | Found Hiorowk's Magic Scroll Boutique.
 41599 | Vaults:3 | Bought a scroll of blinking for 142 gold pieces
 41812 | Vaults:4 | Found Faewet's Distillery.
 41815 | Vaults:4 | Bought a potion of mutation for 136 gold pieces
 41831 | Vaults:4 | Found Taihor's Jewellery Boutique.
 41902 | Vaults:4 | Found Ybel's General Store.
 42127 | Vaults:4 | Identified the +6 hand axe of Midsummer {heavy, rPois rC+}
 42160 | Vaults:4 | Found Zemuico's Book Boutique.
 42165 | Vaults:4 | Bought Cuaq's Elucidation of Stony Bombardment for 882 gold
                  | pieces
 42170 | Vaults:4 | Learned a level 4 spell: Leda's Liquefaction
 42239 | Vaults:4 | Noticed Margery
 42242 | Vaults:4 | Killed Margery
 42243 | Vaults:4 | Reached skill level 1 in Hexes
 42243 | Vaults:4 | Reached skill level 1 in Earth Magic
 42243 | Vaults:4 | Reached XP level 25. HP: 152/152 MP: 32/32
 42262 | Vaults:4 | Identified the ring of the Ancients {Fire Contam rElec
                  | rPois Dex+3}
 42301 | Vaults:4 | Noticed Mennas
 42304 | Vaults:4 | Killed Mennas
 42492 | Vaults:4 | Found Bumija's Assorted Antiques.
 42557 | Vaults:4 | Noticed Mara
 42558 | Vaults:4 | Killed Mara
 43104 | Vaults:5 | Entered Level 5 of the Vaults
 43107 | Vaults:5 | Noticed Sojobo
 43504 | Vaults:4 | Reached skill level 5 in Hexes
 43504 | Vaults:4 | Reached skill level 5 in Earth Magic
 43592 | Vaults:5 | Noticed an ancient lich
 44676 | Vaults:5 | HP: 3/152 [vault guard/+0 halberd (7)]
 44684 | Vaults:5 | Killed an ancient lich
 44835 | Vaults:5 | Noticed a dread lich
 44845 | Vaults:5 | Killed Sojobo
 44870 | Vaults:5 | Killed a dread lich
 44930 | Vaults:5 | Got a silver rune of Zot
 45041 | Vaults:5 | Noticed a dread lich
 45044 | Vaults:5 | Killed a dread lich
 45046 | Vaults:5 | Reached XP level 26. HP: 157/157 MP: 32/35
 45049 | Vaults:5 | Identified the amulet "Nycier" {RegenMP Rampage rC- Will++
                  | Stlth+}
 45068 | Vaults:5 | Identified the ring "Opsut" {Str+6 Slay+2}
 45111 | Vaults:5 | Identified the +12 mace of Objectivity {freeze, rPois rF-
                  | Int+6}
 45193 | Vaults:5 | Found Acuno's Antique Armour Boutique.
 45344 | Vaults:5 | Identified the amulet of Zeac {Regen+ SInv Stlth+}
 46153 | Slime:1  | Entered Level 1 of the Pits of Slime
 46318 | Slime:2  | Found a viscous altar of Jiyva.
 46657 | Slime:3  | Reached skill level 10 in Hexes
 46976 | Slime:4  | Reached skill level 10 in Earth Magic
 47487 | Slime:5  | Entered Level 5 of the Pits of Slime
 47590 | Slime:5  | Noticed the Royal Jelly
 47767 | Slime:5  | Found a viscous altar of Jiyva.
 47849 | Slime:5  | Killed the Royal Jelly
 47850 | Slime:5  | Reached skill level 10 in Spellcasting
 47885 | Slime:5  | HP: 3/157 [acid blob/splash of acid[the Royal Jelly] (10)]
 48084 | Slime:5  | Identified the +1 cloak of Ragess {Rampage Int+4}
 48087 | Slime:5  | Identified the +3 leather armour of the Equinox {rC- Int+2
                  | Dex+3 SInv}
 48120 | Slime:5  | Got a slimy rune of Zot
 48151 | Slime:5  | Identified the +2 buckler of the Pits of Slime {Int+2}
 48565 | Geh:1    | Entered Level 1 of Gehenna
 48569 | Hell     | HP: 6/135 [searing wretch (1)]
 48570 | Hell     | HP: 2/135 [searing wretch (28)]
 48570 | Hell     | Mangled by a searing wretch

Illustrated notes

Levels and vault maps discovered:
D:1:      dpeg_arrival_solitude, layout_loops_cross,
          shapermc_ecumenical_altar_acropolis, serial_shops,
          nicolae_shop_behind_doors, minmay_shallow_snake_nest
D:2:      minmay_spotlight, layout_rooms, uniq_robin
D:3:      layout_rooms, uniq_jessica
D:4:      layout_loops_ring, grunt_temple_overflow_open, temple_doors_e,
          serial_shops, shop, minmay_cupped
D:5:      layout_loops_corners, serial_co_window_serial,
          co_window_of_opportunity_a, co_window_corner_a, co_window_paths_b,
          co_window_of_opportunity_a, co_window_paths_a, co_window_corner_a,
          co_window_corner_a, co_window_unsneaky_path_a,
          co_window_unsneaky_path_b, co_window_broadway_a, co_window_paths_c,
          co_window_corner_ca, co_window_corner_b, glass_columns_a,
          glass_columns_a, glass_columns_b, minmay_fountain_box
D:6:      nicolae_cairo_tiling_large_dashed, layout_cave_pools,
          mainiacjoe_overflow_chevrons, gammafunk_ghost_necromancy,
          kennysheep_small_spiral
D:7:      layout_cave_pools, nicolae_overflow_two_pavilions
D:8:      gammafunk_beogh_shrine, layout_basic, kennysheep_mini_moat,
          nicolae_qazlal_eye_of_the_storm, due_lair_maze_entry_diamond,
          serial_shops, nicolae_shop_window_shopping, st_stairs_11
D:9:      layout_loops_ring, tso_altar, lemuel_tele_altar,
          kennysheep_generic_room_2
D:10:     layout_stronghold, grunt_temple_overflow_champion_of_chaos,
          serial_column_ruins, column_ruins_square_medium,
          column_ruins_hut_ruined, column_ruins_grid_1,
          column_ruins_columns_dead_end, column_ruins_corridor_corner,
          column_ruins_columns_dead_end, column_ruins_open_tiny,
          column_ruins_corridor_straight, enter_trove_1, uniq_josephine,
          uniq_snorg
D:11:     layout_rooms, gauntlet_entry_generic
D:12:     layout_irregular_city, hiddenorc1_lemuel
D:13:     layout_loops_cross, serial_shops, nicolae_shop_crystal,
          nicolae_shop_stone, nicolae_stop_n_shop_2
D:14:     layout_irregular_city, hangedman_vaults_entry_quadrant_bands,
          bloody_trog, minivault_16
D:15:     gammafunk_depths_entry_grave, layout_basic,
          minmay_misc_feat_diagonals, lemuel_freeze_loot_1
Temple:   nicolae_temple_godpark
Lair:1:   layout_regular_city, guppyfry_lair_drakes, uniq_nergalle
Lair:2:   layout_long_grid, spider_nest_entry_funnel_web, special_room
          [special_room_bee], grunt_megastairs_4, lemuel_fruit_fields,
          uniq_amaemon
Lair:3:   wad_woods_settlement, layout_regular_city, shoals_dummy_entry,
          ebering_ghost_disaster_area, beast_lair_carwin_5
Lair:4:   layout_regular_city, slime_entry_1
Lair:5:   evil_forest, layout_hall_layers, uniq_kirke, uniq_urug
Shoals:1: nicolae_shoals_aurelia_aurita, layout_shoals, serial_shops,
          nicolae_shop_advertising_works [nicolae_subvault_shop_adworks],
          nicolae_shoals_pincushion_passage
Shoals:2: layout_shoals, ebering_ghost_rock_garden
Shoals:3: layout_shoals, serial_shops, bzr_entry_dummy
Shoals:4: shoals_end_hellmonk_lost_city, uniq_polyphemus
Spider:1: layout_spider_delve, uniq_jorgrun
Spider:2: layout_spider_delve
Spider:3: layout_chambers, gammafunk_ghost_cemetery
Spider:4: grunt_spider_rune_island, hangedman_stitches_earthworm,
          hangedman_spider_tarantella_strand
Slime:1:  layout_caves
Slime:2:  layout_caves, basic_altar
Slime:3:  layout_caves
Slime:4:  layout_caves, cheibrodos_slime_lost_civilization_4
Slime:5
Orc:1:    layout_diamond_mine, ebering_ghost_reflecting_pool
Orc:2:    st_orc_rangers, layout_caves, serial_shops, shop
Elf:1:    nicolae_elf_arrival_fired_up, layout_loops_ring,
          minmay_elf_crystal_hexagon
Elf:2:    elven_hall_of_blades_hangedman_original
          [nicolae_blade_entry_floor_patterns], layout_loops_ring, serial_shops,
          shop, uniq_azrael
Elf:3:    minmay_elf_hall_four_x, layout_loops_cross, serial_shops,
          shop_fountains, nicolae_elf_loose_elemental_storage
Vaults:1: st_lattice, nicolae_vaults_little_squares_2, hangedman_vaults_stagger,
          nicolae_vaults_mini_display_case, nicolae_vaults_ring_of_whatevers,
          v_misc_24, vaults_mumra_chevron, vaults_room_stairs_pillars,
          serial_ice_m, nicolae_vaults_network_star,
          nicolae_vaults_little_squares_2, hangedman_vaults_cutoff,
          layout_vaults_ring
Vaults:2: portal_desolation_entry_garden, vaults_standard_mumra_lines,
          v_misc_15, ontoclasm_vaults_chip, v_misc_19, nicolae_vaults_quadrants,
          vaults_mumra_minichess_inversion, minmay_crypt_entry_vampire_xt,
          vaults_room_door_ring, grunt_vaults_focal,
          ontoclasm_vaults_ring_large, vaults_room_pool, vaults_room_pool,
          nicolae_vaults_hallways_thing, vaults_dpeg_hooks,
          layout_vaults_omnibox, uniq_frederick
Vaults:3: ontoclasm_vaults_fault, grunt_vaults_trifunnel,
          ontoclasm_vaults_ligature, nicolae_vaults_what_the_h,
          nicolae_vaults_little_ls, nicolae_vaults_windows_and_doors_thing,
          v_misc_15, v_misc_22, st_more_cells, v_misc_8,
          layout_vaults_maze_snakey, serial_shops, nicolae_shop_trees
Vaults:4: v_misc_27, nicolae_vaults_network_square, v_misc_23,
          nicolae_vaults_three_branches, vaults_room_hallway,
          nicolae_vaults_specimen_jars, layout_vaults_omnigrid, serial_shops,
          nicolae_shop_statue_plus, nicolae_diamond_shop, shop,
          nicolae_shop_hallway_plus, nicolae_shop_crystal, uniq_mennas,
          uniq_margery, uniq_mara
Vaults:5: uniq_sojobo
Hell
Geh:1:    layout_gehenna_lava_caves

Skill      XL: |  1  2  3  4  5  6  7  8  9 10 11 12 13 14 15 16 17 18 19 20 21 22 23 24 25 26 |
---------------+-------------------------------------------------------------------------------+-----
Fighting       | 3 4 5 8 11 12 15 16 18 20 | 20.5
Ranged Weapons | 7 9 10 14 16 19 21 24 27 | 27.0
Dodging        | 4 6 9 12 13 15 16 18 22 | 22.0
Invocations    | 3 6 9 |  9.0
Armour         | 5 9 10 12 15 | 15.0
Evocations     | 6 10 13 16 | 16.0
Spellcasting   | 4 6 8 10 | 10.0
Stealth        | 6 12 15 | 15.0
Hexes          | 1 8 11 | 11.3
Earth Magic    | 1 8 11 | 11.3

Action                     |  1- 3 |  4- 6 |  7- 9 | 10-12 | 13-15 | 16-18 | 19-21 | 22-24 | 25-27 || total
---------------------------+-------+-------+-------+-------+-------+-------+-------+-------+-------++-------
  Melee: Heavy crossbow    |       |       |       |       |       |     1 |       |       |       ||     1
   Fire: Shortbow          |    68 |   123 |   221 |   347 |       |       |       |       |       ||   759
         Sling             |       |       |       |   203 |   655 |       |       |       |       ||   858
         Heavy crossbow    |       |       |       |       |   153 |   432 |   481 |   572 |   342 ||  1980
   Cast: Leda's Liquefacti |       |       |       |       |       |       |       |       |     3 ||     3
 Invoke: Recall Ancestor   |       |       |     1 |     3 |     4 |     2 |     1 |     4 |     4 ||    19
         Ancestor Life: Kn |       |       |     1 |       |       |       |       |       |       ||     1
         Idealise          |       |       |       |       |     3 |       |     1 |     1 |     2 ||     7
  Evoke: Wand              |       |       |       |       |     2 |       |       |       |       ||     2
         Box of beasts     |       |       |       |       |       |       |       |     1 |     3 ||     4
         Tin of tremorston |       |       |       |       |       |       |       |       |     3 ||     3
         Phial of floods   |       |       |       |       |       |       |       |       |     1 ||     1
         Phantom mirror    |       |       |       |       |       |       |       |       |     2 ||     2
         Condenser vane    |       |       |       |       |       |       |       |       |     2 ||     2
    Use: Scroll            |     4 |     9 |     6 |     9 |    10 |     9 |     2 |     1 |     8 ||    58
         Potion            |       |       |     1 |     1 |       |     3 |     1 |     1 |    15 ||    22
 Armour: Leather armour    |     6 |    11 |    16 |     6 |       |       |       |     4 |    28 ||    71
         Troll leather arm |       |       |       |    28 |   100 |    64 |    38 |    16 |       ||   246
  Dodge: Dodged            |    21 |    36 |    98 |   115 |   521 |   402 |   249 |   323 |   446 ||  2211

Table legend: (Time is in decaauts)
 A = Elapsed time spent in this place.
 B = Non-inter-level travel time spent in this place.
 C = Inter-level travel time spent in this place.
 D = Time resting spent in this place.
 E = Time spent auto-exploring this place.
 F = Levels seen in this place.
 G = Mean time per level.
                   A        B        C        D        E       F      G
               +--------+--------+--------+--------+--------+-----+--------+
         Total |  49947 |  46342 |   3605 |   6312 |  31518 |  49 | 1019.3 |
       Dungeon |  15187 |  13850 |   1337 |   1471 |  10532 |  15 | 1012.5 |
        Temple |    190 |    160 |     30 |      0 |    149 |   1 |  190.0 |
          Lair |   7107 |   6319 |    788 |   1041 |   4313 |   5 | 1421.4 |
        Shoals |   5022 |   4832 |    190 |    682 |   3299 |   4 | 1255.5 |
   Spider Nest |   4374 |   4251 |    123 |    568 |   2857 |   4 | 1093.5 |
    Slime Pits |   2408 |   2278 |    130 |    169 |   1683 |   5 |  481.6 |
  Orcish Mines |   1270 |   1167 |    103 |    169 |    753 |   2 |  635.0 |
   Elven Halls |   3327 |   3133 |    194 |    231 |   2106 |   3 | 1109.0 |
        Vaults |   8539 |   7864 |    675 |   1775 |   4546 |   5 | 1707.8 |
          Hell |    771 |    740 |     31 |    131 |    343 |   1 |  771.0 |
       Gehenna |      3 |      3 |      0 |      0 |      0 |   1 |    3.0 |
        Bazaar |    128 |    128 |      0 |      0 |     64 |   1 |  128.0 |
    Desolation |    767 |    767 |      0 |      0 |    466 |   1 |  767.0 |
      Gauntlet |    849 |    849 |      0 |     72 |    407 |   1 |  849.0 |
               +--------+--------+--------+--------+--------+-----+--------+

Top non-repeatable levels by time:
Vaults:4: 2976 daAuts
  Lair:5: 2543 daAuts
Vaults:2: 1730 daAuts
Spider:3: 1680 daAuts
     D:5: 1611 daAuts
     D:8: 1502 daAuts
Shoals:3: 1481 daAuts
     D:6: 1418 daAuts
Vaults:1: 1412 daAuts
Shoals:1: 1407 daAuts
   Elf:3: 1350 daAuts
Vaults:5: 1342 daAuts
  Lair:3: 1259 daAuts
  Lair:4: 1210 daAuts
Spider:4: 1189 daAuts
